cohdb
Replays
Latest Replays
All Replays
Popular Replays
Top Player Replays
Match Explorer
How It Works
Community
CoH3 Stats
Reddit
Sign in to upload your games and track your stats! →
Sign in with Steam
Match 45268210
Unlisted
Match 45268210
Overview
Messages
Build Orders
End
Vickers Machine Gun Team
Selects Australian Defense Battlegroup
Selects Australian Light Infantry Section
Australian Light Infantry Section
Construct Section Command Post
Dingo Light Scout Car
Royal Engineer Section
Construct Platoon Command Post
Selects CMP 15cwt Supply Run
CMP 15cwt Supply Run
Royal Engineer Section
Construct Company Command Post
shoo ed
Беашел
南极蹦迪
Cuttysark
VndctL
Yisus
dauniy
ionwood
0
0
Comments
sign in to comment!
No comments posted yet!